 Seeded DCSS version 0.30-a0-359-gd0147acb1a (webtiles) character file.

Game seed: 13694512553357612568 (custom seed)

9 valliere the Shield-Bearer (level 2, 20/21 HPs)
             Began as an Octopode Fighter on Nov 11, 2022.
             Was a Follower of Elyvilon.
             Quit the game on level 2 of the Dungeon.
             The game lasted 00:00:30 (153 turns).

valliere the Shield-Bearer (Octopode Fighter)        Turns: 153, Time: 00:00:31

Health: 20/21      AC:  1    Str: 15    XL:     2   Next: 16%
Magic:  2/2        EV: 13    Int: 10    God:    Elyvilon [*.....]
Gold:   13         SH:  4    Dex: 11    Spells: 1/1 levels left

rFire   . . .      SeeInvis .      - Unarmed
rCold   . . .      Faith    .    a - +0 buckler
rNeg    . . .      Spirit   .    (helmet restricted)
rPois   .          Reflect  .    (no amulet)
rElec   .          Harm     .    (no ring)
rCorr   .          Rampage  .    (no ring)
Will    .....                    (no ring)
Stlth   ++........               (no ring)
HPRegen 0.23/turn                (no ring)
MPRegen 0.08/turn                (no ring)
                                 (no ring)
                                 (no ring)

@: no status effects
A: almost no armour, amphibious, 8 rings, camouflage 1, gelatinous body 1,
(nimble swimmer 1), tentacles
a: Renounce Religion, Purification


You were on level 2 of the Dungeon.
You worshipped Elyvilon.
Elyvilon was aware of your devotion.
You visited 1 branch of the dungeon, and saw 2 of its levels.

You collected 13 gold pieces.

Inventory:

Armour
 a - a +0 buckler (worn)
Scrolls
 c - a scroll of identify {unknown}
Potions
 b - a potion of might


   Skills:
 + Level 3.1 Fighting
 + Level 3.1 Dodging
 + Level 0.8 Stealth
 + Level 3.1 Shields
 * Level 2.3 Unarmed Combat


You had one spell level left.
You didn't know any spells.
Your spell library was empty.

Dungeon Overview and Level Annotations

Branches:
Dungeon (2/15)

Altars:
Elyvilon


Innate Abilities, Weirdness & Mutations

You cannot wear most types of armour.
You are amphibious.
You can wear up to eight rings at the same time.
Your skin changes colour to match your surroundings (Stealth+).
Your rubbery body absorbs attacks. (AC +1, EV +1)
((You are camouflaged when in or above water. (Stealth+)))
You have tentacles for arms and can constrict up to eight enemies at once.


Message History

The quokka is almost dead.
You constrict the quokka.
You kill the quokka!
You tentacle-slap the hobgoblin but do no damage.
Your grab misses the hobgoblin.
A kobold comes into view. It is wielding a +0 short sword.
The hobgoblin closely misses you. The hobgoblin hits you.
The kobold moves out of view.
You closely miss the hobgoblin. You grab the hobgoblin.
You squeeze the hobgoblin.
You kill the hobgoblin!
You have reached level 2!
You tentacle-slap the jackal. Your grab misses the jackal.
The jackal is moderately wounded.
The jackal bites you. The jackal closely misses you.
You tentacle-slap the jackal but do no damage.
Your grab misses the jackal.
The jackal is moderately wounded.
The jackal closely misses you.
You tentacle-slap the jackal. Your grab misses the jackal.
The jackal is almost dead.
The jackal closely misses you. You block the jackal's attack.
You tentacle-slap the jackal.
You kill the jackal!
The jackal barks!
Found a stone staircase leading down.
You closely miss the jackal. You grab the jackal. You constrict the jackal.
The jackal bites you.
You tentacle-slap the jackal. You squeeze the jackal.
You kill the jackal!
No target in view!
Found a faded altar of an unknown god.
There is a faded altar of an unknown god here.
This altar belongs to (a) Lugonu, (b) Ignis or (c) Elyvilon, but you can't tell which.
Press the corresponding letter to learn more about a god, or press enter to convert or escape to cancel.
Elyvilon accepts your prayer! Elyvilon welcomes you!
You can now purify yourself.
Unknown command.
Press < or > to pray at altars.
Are you sure you want to abandon this character and quit the game? (Confirm with "yes".)

###..# #......... ..#..#
#........# ..#..#
#........#. .....#
#.......... ..#.##
#........ ..#.# #....PP
..#.#######..P.♣♣♣ #.#
..#.##....#....♣.♣♣.....
..#.##....#.....@.P..#
..#.##.......PPP.♣♣P.#
..#.#........P♣♣.P.. ...
#.#.....#.......... #
#.......###........#
######+## ##.###.### .#
.# #.# .#


There were no monsters in sight!

Vanquished Creatures
  An endoplasm (D:1)
  A hobgoblin (D:2)
  2 jackals (D:2)
  A quokka (D:2)
  A bat (D:1)
  2 goblins (D:1)
8 creatures vanquished.

Notes
Turn   | Place    | Note
-------+----------+-------------------------------------------
     0 | D:1      | valliere the Octopode Fighter began the quest for the Orb.
     0 | D:1      | Reached XP level 1. HP: 16/16 MP: 1/1
   114 | D:2      | Reached XP level 2. HP: 15/21 MP: 2/2
   144 | D:2      | Found a faded altar of an unknown god.
   152 | D:2      | Prayed at the altar of an unknown god.
   152 | D:2      | Became a worshipper of Elyvilon the Healer
   152 | D:2      | Reached * piety under Elyvilon
   153 | D:2      | Quit the game

Illustrated notes

Levels and vault maps discovered:
D:1:      erik_arrival_blinker_ship, layout_basic, bh_walls_and_bars
D:2:      layout_basic, dreamdust_ecumenical_altar_grove, serial_shops,
          nicolae_shop_waterfront

Action                   || total
-------------------------++-------
Melee: Unarmed           ||    24
       Constrict         ||     5
       Tentacles         ||     3
Armor: Skin              ||     3
Dodge: Dodged            ||    14
Block: Buckler           ||     4

Table legend: (Time is in decaauts)
 A = Elapsed time spent in this place.
 B = Non-inter-level travel time spent in this place.
 C = Inter-level travel time spent in this place.
 D = Time resting spent in this place.
 E = Time spent auto-exploring this place.
 F = Levels seen in this place.
 G = Mean time per level.
                   A        B        C        D        E       F      G
               +--------+--------+--------+--------+--------+-----+--------+
         Total |    152 |    152 |      0 |      0 |     53 |   2 |   76.0 |
       Dungeon |    152 |    152 |      0 |      0 |     53 |   2 |   76.0 |
               +--------+--------+--------+--------+--------+-----+--------+

Top non-repeatable levels by time:
     D:1: 100 daAuts
     D:2: 51 daAuts
